Blue Jackets vs Jets
Created - den 20 januari 2015 at 17:28
Goals
|
| Blue Jackets |
1 |
1 |
0 |
2 |
| Jets |
1 |
0 |
2 |
3 |
|
Shots
|
| Blue Jackets |
5 |
5 |
8 |
18 |
| Jets |
5 |
10 |
16 |
31 |
|
1st period
1. Jets , Mikkel Boedker 9 (Justin Schultz) at 0:12
2. Blue Jackets , Patrice Bergeron 20 (Jimmy Hayes, R.J. Umberger) at 9:07
Penalties :
John Erskine (WPG) for Roughing (Minor) at 15:59
2nd period
3. Blue Jackets , Ryan Spooner 2 (Henrik Tallinder, J.T. Brown) at 15:23
Penalties :
Patrice Bergeron (CLB) for Roughing (Minor) at 10:40, Brad Stuart (CLB) for Cross-checking (Minor) at 12:45, Viktor Stalberg (WPG) for Hooking (Minor) at 16:55
3rd period
4. Jets , Brooks Laich 9 (Colton Sceviour, Ryan Ellis) at 2:02 (PP)
5. Jets , Brooks Laich 10 (Justin Schultz, Colton Sceviour) at 13:35 (PP)
Penalties :
Willie Mitchell (CLB) for Hooking (Minor) at 1:11, Willie Mitchell (CLB) for Hooking (Minor) at 9:02, Brad Stuart (CLB) for Roughing (Minor) at 13:18, Dainius Zubrus (CLB) for Tripping (Minor) at 14:22, Cody Ceci (WPG) for Roughing (Minor) at 18:32
Goalie Stats
Jhonas Enroth (CLB), 28 saves from 31 shots - (0,903), L, 4-5-0, 58:34 minutes
Ray Emery (WPG), 16 saves from 18 shots - (0,889), W, 12-14-5, 60:00 minutes
Players Stats for Blue Jackets
Player Name G A P +/- PIM S H SB GA TA FO MP PP MP PK MP
------------------------------------------------------------------------------------
Anton Stralman 0 0 0 -1 0 0 2 0 0 0 0/0 21:48 3:08 5:31
Barret Jackman 0 0 0 0 0 1 0 0 0 0 0/0 13:37 0:00 0:00
Brad Stuart 0 0 0 1 4 2 4 1 0 0 0/0 16:04 0:00 0:40
Dainius Zubrus 0 0 0 0 2 1 1 0 0 0 6/12 22:08 3:08 3:31
Danny DeKeyser 0 0 0 1 0 0 0 6 0 0 0/0 22:32 2:17 3:53
Henrik Tallinder 0 1 1 1 0 0 1 0 0 0 0/0 20:00 1:43 3:52
J.T. Brown 0 1 1 1 0 0 0 0 0 0 0/0 13:56 0:34 0:00
Jimmy Hayes 0 1 1 0 0 0 1 0 0 0 0/0 15:23 2:19 0:00
Matt Nieto 0 0 0 0 0 0 1 0 0 0 0/0 8:05 0:00 0:00
Nick Schultz 0 0 0 1 0 0 1 0 0 0 0/0 6:09 0:34 0:41
Patrice Bergeron 1 0 1 0 2 6 1 1 0 0 14/29 19:43 2:37 3:23
R.J. Umberger 0 1 1 0 0 3 1 0 0 0 0/0 16:28 1:27 0:25
Raffi Torres 0 0 0 0 0 0 2 0 0 0 0/0 13:01 0:33 4:23
Ray Whitney 0 0 0 0 0 2 0 0 0 0 0/1 13:56 1:39 0:43
Ryan Jones 0 0 0 1 0 1 1 2 0 0 1/5 16:17 1:10 1:45
Ryan Spooner 1 0 1 1 0 1 0 0 0 0 4/10 13:54 0:16 0:00
Tyler Johnson 0 0 0 0 0 1 0 1 0 0 7/14 18:03 2:32 3:58
Willie Mitchell 0 0 0 -1 4 0 1 2 0 0 0/0 19:46 3:08 3:31
Players Stats for Jets
Player Name G A P +/- PIM S H SB GA TA FO MP PP MP PK MP
------------------------------------------------------------------------------------
Anton Lander 0 0 0 -1 0 0 1 0 0 0 4/7 10:31 0:00 0:00
Brooks Laich 2 0 2 -1 0 4 3 0 0 0 14/29 21:53 4:25 1:34
Cody Ceci 0 0 0 0 2 0 0 1 0 0 0/0 15:57 0:00 0:00
Colton Sceviour 0 2 2 0 0 1 0 0 0 0 0/0 14:34 4:00 0:00
Jamie Oleksiak 0 0 0 -1 0 0 1 2 0 0 0/0 11:01 0:46 3:04
Jason Zucker 0 0 0 -1 0 0 1 0 0 0 0/1 14:16 0:00 2:58
Jean-Gabriel Pageau 0 0 0 0 0 2 0 0 0 0 2/3 8:04 0:00 1:12
John Erskine 0 0 0 -1 2 0 2 2 0 0 0/0 15:50 0:05 1:59
Jordan Staal 0 0 0 1 0 5 0 0 0 0 17/26 22:03 3:53 3:11
Justin Schultz 0 2 2 0 0 6 0 2 0 0 0/0 22:30 5:05 0:58
Marco Scandella 0 0 0 0 0 2 1 0 0 0 0/0 16:19 4:48 2:11
Mikkel Boedker 1 0 1 1 0 2 0 0 0 0 0/1 21:45 3:53 0:38
Ryan Ellis 0 1 1 0 0 0 1 0 0 0 0/0 19:47 3:42 1:57
Ryan Murphy 0 0 0 0 0 1 0 0 0 0 2/2 11:32 4:27 0:10
Sami Vatanen 0 0 0 0 0 1 0 0 0 0 0/0 18:21 3:42 0:31
Sean Bergenheim 0 0 0 -1 0 4 2 0 0 0 0/1 18:45 4:32 0:00
Tuomo Ruutu 0 0 0 0 0 2 2 0 0 0 0/1 16:32 1:28 1:07
Viktor Stalberg 0 0 0 -1 2 1 1 0 0 0 0/0 14:52 0:34 0:10
3 Stars
1 - Brooks Laich (WPG)
2 - Mikkel Boedker (WPG)
3 - Ryan Spooner (CLB)
Power Play
Blue Jackets - 0 on 3 Attempt(s) - 0,00%
Jets - 2 on 6 Attempt(s) - 33,33%
Penalty Kill
Blue Jackets - 4 on 6 Attempt(s) - 66,67%
- Score 0 goal in Penalty Kill
Jets - 3 on 3 Attempt(s) - 100,00%
- Score 0 goal in Penalty Kill
Team Stat
Blue Jackets - Hits : 17 - Faceoff Wins : 32 - Blocked Shots : 13 - Penalty Minutes : 12
Jets - Hits : 15 - Faceoff Wins : 39 - Blocked Shots : 7 - Penalty Minutes : 6
Official
Referees : Tom Kowal and Ian Croft
Linesman : Fraser McIntyre and Bevan Mills
Game Notes
No Game Note
Finance
Level 1 -- Attendance: 4879 (81,32%) -- Ticket Income 439.110 kr
Level 2 -- Attendance: 5000 (100,00%) -- Ticket Income 250.000 kr
Level 3 -- Attendance: 1015 (100,00%) -- Ticket Income 32.480 kr
Level 4 -- Attendance: 2000 (100,00%) -- Ticket Income 48.000 kr
Luxury Box -- Attendance: 888 (88,80%) -- Ticket Income 168.720 kr
Game was played at the MTS Center'
Total Attendance: 13782 (91,79%)
Total Ticket Income: 938.310 kr
Other Income: 459.772 kr
Total Income: 1.398.082 kr
Blue Jackets
5 vs 5 Forward
Center Left Wing Right Wing Time % Phy DF OF
1 Patrice Bergeron R.J. Umberger Jimmy Hayes 30 0 2 3
2 Tyler Johnson Ray Whitney Dainius Zubrus 28 0 2 3
3 Dainius Zubrus Raffi Torres Matt Nieto 22 3 1 1
4 Ryan Spooner Ryan Jones J.T. Brown 20 1 3 1
5 vs 5 Defense
Defense Defense Time % Phy DF OF
1 Willie Mitchell Anton Stralman 30 1 2 2
2 Danny DeKeyser Barret Jackman 30 1 2 2
3 Brad Stuart Henrik Tallinder 30 1 2 2
4 Nick Schultz Danny DeKeyser 10 1 2 2
PowerPlay Forward
Center Left Wing Right Wing Time % Phy DF OF
1 Patrice Bergeron R.J. Umberger Jimmy Hayes 50 0 1 4
2 Tyler Johnson Ray Whitney Dainius Zubrus 50 0 1 4
PowerPlay Defense
Defense Defense Time % Phy DF OF
1 Willie Mitchell Anton Stralman 50 0 2 3
2 Danny DeKeyser Henrik Tallinder 50 0 2 3
Penalty Kill 4 Players Forward
Center Wing Time % Phy DF OF
1 Patrice Bergeron Tyler Johnson 50 0 4 1
2 Dainius Zubrus Raffi Torres 50 0 4 1
Penalty Kill 4 Players Defense
Defense Defense Time % Phy DF OF
1 Willie Mitchell Anton Stralman 50 0 4 1
2 Henrik Tallinder Danny DeKeyser 50 0 4 1
Penalty Kill - 3 Players Forward
Forward Time % Phy DF OF
1 Patrice Bergeron 50 0 4 1
2 Dainius Zubrus 50 0 5 0
Penalty Kill - 3 Players Defense
Defense Defense Time % Phy DF OF
1 Nick Schultz Danny DeKeyser 50 0 5 0
2 Henrik Tallinder Willie Mitchell 50 0 5 0
4 vs 4 Forward
Center Wing Time % Phy DF OF
1 Patrice Bergeron Tyler Johnson 50 0 2 3
2 Dainius Zubrus R.J. Umberger 50 0 2 3
4 vs 4 Defense
Defense Defense Time % Phy DF OF
1 Willie Mitchell Anton Stralman 50 0 3 2
2 Danny DeKeyser Henrik Tallinder 50 0 3 2
Last Minutes Offensive
Center Left Wing Right Wing Defense Defense
Patrice Bergeron R.J. Umberger Dainius Zubrus Danny DeKeyser Willie Mitchell
Last Minutes Defensive
Center Left Wing Right Wing Defense Defense
Patrice Bergeron R.J. Umberger Dainius Zubrus Danny DeKeyser Willie Mitchell
Goaltenders
Starting : Jhonas Enroth
Backup : Eddie Lack
Extra Forwards
Normal : Dainius Zubrus, Jimmy Hayes, Ryan Jones - PP : Dainius Zubrus, Jimmy Hayes - PK : Ryan Jones
Extra Defensemen
Normal : Henrik Tallinder, Nick Schultz, Danny DeKeyser - PP : Henrik Tallinder - PK : Willie Mitchell, Danny DeKeyser
Penalty Shots
Patrice Bergeron, Tyler Johnson, Dainius Zubrus, R.J. Umberger, Ray Whitney
Jets
5 vs 5 Forward
Center Left Wing Right Wing Time % Phy DF OF
1 Jordan Staal Mikkel Boedker Tuomo Ruutu 40 1 2 2
2 Brooks Laich Viktor Stalberg Sean Bergenheim 30 1 2 2
3 Anton Lander Jason Zucker Colton Sceviour 20 1 2 2
4 Jean-Gabriel Pageau Mikkel Boedker Ryan Murphy 10 1 2 2
5 vs 5 Defense
Defense Defense Time % Phy DF OF
1 Cody Ceci Justin Schultz 40 1 2 2
2 Ryan Ellis Sami Vatanen 30 1 2 2
3 John Erskine Marco Scandella 20 1 2 2
4 John Erskine Jamie Oleksiak 10 1 2 2
PowerPlay Forward
Center Left Wing Right Wing Time % Phy DF OF
1 Jordan Staal Ryan Murphy Mikkel Boedker 60 1 2 2
2 Brooks Laich Sean Bergenheim Colton Sceviour 40 1 2 2
PowerPlay Defense
Defense Defense Time % Phy DF OF
1 Justin Schultz Marco Scandella 60 1 2 2
2 Sami Vatanen Ryan Ellis 40 1 2 2
Penalty Kill 4 Players Forward
Center Wing Time % Phy DF OF
1 Jordan Staal Jason Zucker 60 1 2 2
2 Brooks Laich Jean-Gabriel Pageau 40 1 2 2
Penalty Kill 4 Players Defense
Defense Defense Time % Phy DF OF
1 John Erskine Jamie Oleksiak 60 1 2 2
2 Ryan Ellis Marco Scandella 40 1 2 2
Penalty Kill - 3 Players Forward
Forward Time % Phy DF OF
1 Jean-Gabriel Pageau 60 1 2 2
2 Jordan Staal 40 1 2 2
Penalty Kill - 3 Players Defense
Defense Defense Time % Phy DF OF
1 John Erskine Jamie Oleksiak 60 1 2 2
2 Ryan Ellis Marco Scandella 40 1 2 2
4 vs 4 Forward
Center Wing Time % Phy DF OF
1 Jordan Staal Mikkel Boedker 60 1 2 2
2 Brooks Laich Ryan Murphy 40 1 2 2
4 vs 4 Defense
Defense Defense Time % Phy DF OF
1 John Erskine Jamie Oleksiak 60 1 2 2
2 Marco Scandella Justin Schultz 40 1 2 2
Last Minutes Offensive
Center Left Wing Right Wing Defense Defense
Jordan Staal Mikkel Boedker Sean Bergenheim Justin Schultz Marco Scandella
Last Minutes Defensive
Center Left Wing Right Wing Defense Defense
Jordan Staal Jason Zucker Jean-Gabriel Pageau Marco Scandella John Erskine
Goaltenders
Starting : Ray Emery
Backup : Cameron Talbot
Extra Forwards
Normal : Tuomo Ruutu, Jordan Staal, Jason Zucker - PP : Tuomo Ruutu, Brooks Laich - PK : Jordan Staal
Extra Defensemen
Normal : Ryan Ellis, Jamie Oleksiak, Justin Schultz - PP : Jamie Oleksiak - PK : Justin Schultz, Sami Vatanen
Penalty Shots
Ryan Ellis, Mikkel Boedker, Tuomo Ruutu, Ryan Murphy, Jordan Staal
% Time on Ice - Blue Jackets
Lines # - Real PCT - Wanted PCT - Time Play
Normal Forward
1 - 29% - 30% - 13:04
2 - 24% - 28% - 11:00
3 - 18% - 22% - 8:05
4 - 29% - 20% - 13:22
Normal Defense
1 - 29% - 30% - 13:09
2 - 30% - 30% - 13:37
3 - 31% - 30% - 14:20
4 - 10% - 10% - 4:25
PP Forward
1 - 53% - 50% - 2:53
2 - 47% - 50% - 2:32
PP Defense
1 - 58% - 50% - 3:08
2 - 42% - 50% - 2:17
PK Forward
1 - 50% - 50% - 4:32
2 - 50% - 50% - 4:32
PK Defense
1 - 64% - 50% - 5:48
2 - 36% - 50% - 3:16
PK3 Forward
1 - 0% - 50%
2 - 0% - 50%
PK3 Defense
1 - 0% - 50%
2 - 0% - 50%
44 Forward
1 - 0% - 50%
2 - 0% - 50%
44 Defense
1 - 0% - 50%
2 - 0% - 50%
Last Minute Offensive - 0:00
Last Minute Defensive - 0:00
Total
Forward - 60:00
Defense - 60:00
|
% Time on Ice - Jets
Lines # - Real PCT - Wanted PCT - Time Play
Normal Forward
1 - 30% - 40% - 13:40
2 - 31% - 30% - 14:13
3 - 24% - 20% - 10:46
4 - 15% - 10% - 6:52
Normal Defense
1 - 35% - 40% - 16:01
2 - 31% - 30% - 14:08
3 - 19% - 20% - 8:47
4 - 14% - 10% - 6:35
PP Forward
1 - 49% - 60% - 4:27
2 - 51% - 40% - 4:37
PP Defense
1 - 59% - 60% - 5:22
2 - 41% - 40% - 3:42
PK Forward
1 - 78% - 60% - 4:13
2 - 22% - 40% - 1:12
PK Defense
1 - 64% - 60% - 3:28
2 - 36% - 40% - 1:57
PK3 Forward
1 - 0% - 60%
2 - 0% - 40%
PK3 Defense
1 - 0% - 60%
2 - 0% - 40%
44 Forward
1 - 0% - 60%
2 - 0% - 40%
44 Defense
1 - 0% - 60%
2 - 0% - 40%
Last Minute Offensive - 0:00
Last Minute Defensive - 0:00
Total
Forward - 60:00
Defense - 60:00
|
Play by Play
1st period
0:01 of 1st period - Jordan Staal wins face-off versus Patrice Bergeron in neutral zone.
0:04 of 1st period - Shot by Tuomo Ruutu.
0:04 of 1st period - Shot Blocked by Willie Mitchell.
0:12 of 1st period - Shot by Mikkel Boedker.
0:12 of 1st period - Goal by Mikkel Boedker - Blue Jackets : 0 - Jets : 1.
0:13 of 1st period - Brooks Laich wins face-off versus Tyler Johnson in neutral zone.
0:22 of 1st period - Shot by Viktor Stalberg.
0:22 of 1st period - Shot Misses the Net.
1:20 of 1st period - Shot by Colton Sceviour.
1:20 of 1st period - Shot Misses the Net.
2:00 of 1st period - Jordan Staal is hit by Brad Stuart and loses puck.
2:22 of 1st period - Cody Ceci is hit by Henrik Tallinder and loses puck.
2:51 of 1st period - Icing by Jamie Oleksiak.
2:52 of 1st period - Ryan Murphy wins face-off versus Patrice Bergeron in Jets zone.
3:45 of 1st period - Shot by Matt Nieto.
3:45 of 1st period - Shot Misses the Net.
4:08 of 1st period - Shot by Anton Lander.
4:08 of 1st period - Shot Misses the Net.
6:22 of 1st period - Shot by Ryan Jones.
6:22 of 1st period - Shot Blocked by Justin Schultz.
6:53 of 1st period - Shot by Raffi Torres.
6:53 of 1st period - Shot Misses the Net.
6:55 of 1st period - Shot by Willie Mitchell.
6:55 of 1st period - Shot Blocked by Justin Schultz.
8:03 of 1st period - Shot by Brooks Laich.
8:03 of 1st period - Stopped by Jhonas Enroth with a rebound.
8:05 of 1st period - Shot by Sean Bergenheim.
8:05 of 1st period - Stopped by Jhonas Enroth without a rebound.
8:06 of 1st period - Patrice Bergeron wins face-off versus Brooks Laich in Blue Jackets zone.
8:23 of 1st period - Shot by Tuomo Ruutu.
8:23 of 1st period - Stopped by Jhonas Enroth without a rebound.
8:24 of 1st period - Dainius Zubrus wins face-off versus Brooks Laich in Blue Jackets zone.
8:32 of 1st period - Anton Stralman is hit by John Erskine and loses puck.
8:37 of 1st period - Shot by Dainius Zubrus.
8:37 of 1st period - Stopped by Ray Emery with a rebound.
8:39 of 1st period - Shot by Matt Nieto.
8:39 of 1st period - Shot Blocked by John Erskine.
9:05 of 1st period - Shot by R.J. Umberger.
9:05 of 1st period - Deflect By Jimmy Hayes.
9:05 of 1st period - Shot Blocked by Jamie Oleksiak.
9:07 of 1st period - Shot by Patrice Bergeron.
9:07 of 1st period - Goal by Patrice Bergeron - Blue Jackets : 1 - Jets : 1.
9:08 of 1st period - Jordan Staal wins face-off versus Ray Whitney in neutral zone.
9:21 of 1st period - Shot by Tyler Johnson.
9:21 of 1st period - Stopped by Ray Emery with a rebound.
10:30 of 1st period - Colton Sceviour is hit by Raffi Torres and loses puck.
11:28 of 1st period - Shot by Sean Bergenheim.
11:28 of 1st period - Stopped by Jhonas Enroth with a rebound.
12:48 of 1st period - Shot by R.J. Umberger.
12:48 of 1st period - Stopped by Ray Emery without a rebound.
12:49 of 1st period - Dainius Zubrus wins face-off versus Brooks Laich in Jets zone.
13:27 of 1st period - Patrice Bergeron is hit by Sean Bergenheim and loses puck.
13:44 of 1st period - Cody Ceci is hit by Patrice Bergeron and loses puck.
14:06 of 1st period - Shot by Tyler Johnson.
14:06 of 1st period - Shot Misses the Net.
14:08 of 1st period - Shot by Brad Stuart.
14:08 of 1st period - Stopped by Ray Emery without a rebound.
14:09 of 1st period - Tyler Johnson wins face-off versus Anton Lander in Jets zone.
14:44 of 1st period - Icing by Henrik Tallinder.
14:45 of 1st period - Tyler Johnson wins face-off versus Jordan Staal in Blue Jackets zone.
15:15 of 1st period - Mikkel Boedker is hit by Brad Stuart and loses puck.
15:59 of 1st period - Minor Penalty to John Erskine for Roughing.
16:00 of 1st period - Patrice Bergeron wins face-off versus Jordan Staal in Jets zone.
16:31 of 1st period - Shot by Dainius Zubrus.
16:31 of 1st period - Shot Blocked by Jamie Oleksiak.
17:04 of 1st period - Patrice Bergeron is hit by Marco Scandella and loses puck.
17:18 of 1st period - Raffi Torres is hit by Jamie Oleksiak.
18:12 of 1st period - Shot by Ray Whitney.
18:12 of 1st period - Shot Misses the Net.
18:28 of 1st period - Shot by Ray Whitney.
18:28 of 1st period - Shot Misses the Net.
18:55 of 1st period - Icing by Justin Schultz.
18:56 of 1st period - Brooks Laich wins face-off versus Ryan Jones in Jets zone.
19:15 of 1st period - Icing by Cody Ceci.
19:16 of 1st period - Dainius Zubrus wins face-off versus Brooks Laich in Jets zone.
Goals for this period are 1 for Blue Jackets vs 1 for Jets.
Shots for this period are 5 for Blue Jackets vs 5 for Jets.
2nd period
0:01 of 2nd period - Patrice Bergeron wins face-off versus Jordan Staal in neutral zone.
0:03 of 2nd period - Off-side.
0:04 of 2nd period - Jordan Staal wins face-off versus Patrice Bergeron in neutral zone.
0:15 of 2nd period - Shot by R.J. Umberger.
0:15 of 2nd period - Stopped by Ray Emery without a rebound.
0:16 of 2nd period - Tyler Johnson wins face-off versus Brooks Laich in Jets zone.
0:27 of 2nd period - Shot by Ray Whitney.
0:27 of 2nd period - Shot Misses the Net.
0:34 of 2nd period - Tyler Johnson is hit by Ryan Ellis.
0:38 of 2nd period - Shot by Ray Whitney.
0:38 of 2nd period - Shot Misses the Net.
1:04 of 2nd period - Shot by R.J. Umberger.
1:04 of 2nd period - Stopped by Ray Emery without a rebound.
1:05 of 2nd period - Jordan Staal wins face-off versus Patrice Bergeron in Jets zone.
1:14 of 2nd period - Shot by Tuomo Ruutu.
1:14 of 2nd period - Stopped by Jhonas Enroth without a rebound.
1:15 of 2nd period - Anton Lander wins face-off versus Ryan Spooner in Blue Jackets zone.
1:21 of 2nd period - J.T. Brown is hit by John Erskine and loses puck.
1:34 of 2nd period - Shot by J.T. Brown.
1:34 of 2nd period - Shot Blocked by John Erskine.
2:10 of 2nd period - Patrice Bergeron is hit by Anton Lander and loses puck.
2:30 of 2nd period - Shot by Patrice Bergeron.
2:30 of 2nd period - Shot Misses the Net.
2:44 of 2nd period - Shot by Raffi Torres.
2:44 of 2nd period - Deflect By Dainius Zubrus.
2:44 of 2nd period - Shot Misses the Net.
2:46 of 2nd period - Shot by Barret Jackman.
2:46 of 2nd period - Stopped by Ray Emery without a rebound.
2:47 of 2nd period - Jordan Staal wins face-off versus Tyler Johnson in Jets zone.
3:19 of 2nd period - Shot by Jordan Staal.
3:19 of 2nd period - Shot Misses the Net.
3:21 of 2nd period - Shot by Cody Ceci.
3:21 of 2nd period - Shot Misses the Net.
3:23 of 2nd period - Shot by Mikkel Boedker.
3:23 of 2nd period - Stopped by Jhonas Enroth without a rebound.
3:24 of 2nd period - Ryan Spooner wins face-off versus Brooks Laich in Blue Jackets zone.
3:24 of 2nd period - Ryan Spooner is hit by Viktor Stalberg.
3:30 of 2nd period - Shot by Brad Stuart.
3:30 of 2nd period - Stopped by Ray Emery with a rebound.
3:49 of 2nd period - Icing by Brad Stuart.
3:50 of 2nd period - Jean-Gabriel Pageau wins face-off versus Ryan Jones in Blue Jackets zone.
4:15 of 2nd period - Shot by Justin Schultz.
4:15 of 2nd period - Stopped by Jhonas Enroth without a rebound.
4:16 of 2nd period - Brooks Laich wins face-off versus Patrice Bergeron in Blue Jackets zone.
4:39 of 2nd period - Shot by Patrice Bergeron.
4:39 of 2nd period - Shot Misses the Net.
5:16 of 2nd period - Ryan Ellis is hit by Anton Stralman.
5:26 of 2nd period - Justin Schultz is hit by Raffi Torres and loses puck.
7:23 of 2nd period - Shot by Jean-Gabriel Pageau.
7:23 of 2nd period - Stopped by Jhonas Enroth with a rebound.
7:25 of 2nd period - Shot by Jean-Gabriel Pageau.
7:25 of 2nd period - Stopped by Jhonas Enroth without a rebound.
7:26 of 2nd period - Patrice Bergeron wins face-off versus Brooks Laich in Blue Jackets zone.
7:39 of 2nd period - Shot by Sean Bergenheim.
7:39 of 2nd period - Deflect By Brooks Laich.
7:39 of 2nd period - Shot Misses the Net.
8:23 of 2nd period - Jamie Oleksiak is hit by Matt Nieto and loses puck.
8:41 of 2nd period - Tuomo Ruutu is hit by Willie Mitchell and loses puck.
10:36 of 2nd period - Off-side.
10:37 of 2nd period - Patrice Bergeron wins face-off versus Jean-Gabriel Pageau in neutral zone.
10:40 of 2nd period - Minor Penalty to Patrice Bergeron for Roughing.
10:41 of 2nd period - Brooks Laich wins face-off versus Ryan Jones in Blue Jackets zone.
11:26 of 2nd period - Shot by Sean Bergenheim.
11:26 of 2nd period - Stopped by Jhonas Enroth without a rebound.
11:27 of 2nd period - Dainius Zubrus wins face-off versus Sean Bergenheim in Blue Jackets zone.
11:27 of 2nd period - Raffi Torres is hit by Tuomo Ruutu and loses puck.
11:52 of 2nd period - Shot by Colton Sceviour.
11:52 of 2nd period - Shot Misses the Net.
11:54 of 2nd period - Shot by Sean Bergenheim.
11:54 of 2nd period - Shot Blocked by Danny DeKeyser.
11:56 of 2nd period - Shot by Colton Sceviour.
11:56 of 2nd period - Shot Blocked by Danny DeKeyser.
12:45 of 2nd period - Minor Penalty to Brad Stuart for Cross-checking.
12:46 of 2nd period - Patrice Bergeron wins face-off versus Jordan Staal in Blue Jackets zone.
12:59 of 2nd period - Shot by Mikkel Boedker.
12:59 of 2nd period - Deflect By Jordan Staal.
12:59 of 2nd period - Stopped by Jhonas Enroth with a rebound.
13:01 of 2nd period - Shot by Marco Scandella.
13:01 of 2nd period - Stopped by Jhonas Enroth without a rebound.
13:02 of 2nd period - Dainius Zubrus wins face-off versus Brooks Laich in Blue Jackets zone.
13:42 of 2nd period - Icing by Jordan Staal.
13:43 of 2nd period - Patrice Bergeron wins face-off versus Mikkel Boedker in Jets zone.
13:44 of 2nd period - Shot by Tyler Johnson.
13:44 of 2nd period - Shot Misses the Net.
14:02 of 2nd period - Shot by Jordan Staal.
14:02 of 2nd period - Stopped by Jhonas Enroth without a rebound.
14:03 of 2nd period - Brooks Laich wins face-off versus Dainius Zubrus in Blue Jackets zone.
14:21 of 2nd period - Shot by Sami Vatanen.
14:21 of 2nd period - Shot Misses the Net.
14:23 of 2nd period - Shot by Colton Sceviour.
14:23 of 2nd period - Shot Misses the Net.
15:07 of 2nd period - Shot by Mikkel Boedker.
15:07 of 2nd period - Shot Misses the Net.
15:09 of 2nd period - Shot by John Erskine.
15:09 of 2nd period - Shot Blocked by Patrice Bergeron.
15:11 of 2nd period - Shot by Jordan Staal.
15:11 of 2nd period - Stopped by Jhonas Enroth without a rebound.
15:12 of 2nd period - Ryan Spooner wins face-off versus Anton Lander in Blue Jackets zone.
15:23 of 2nd period - Shot by Ryan Spooner.
15:23 of 2nd period - Goal by Ryan Spooner - Blue Jackets : 2 - Jets : 1.
15:24 of 2nd period - Jean-Gabriel Pageau wins face-off versus Ryan Spooner in neutral zone.
15:27 of 2nd period - Shot by Ryan Murphy.
15:27 of 2nd period - Shot Blocked by Brad Stuart.
15:42 of 2nd period - Icing by Henrik Tallinder.
15:43 of 2nd period - Ryan Spooner wins face-off versus Brooks Laich in Blue Jackets zone.
16:33 of 2nd period - Brooks Laich is hit by Jimmy Hayes and loses puck.
16:55 of 2nd period - Minor Penalty to Viktor Stalberg for Hooking.
16:56 of 2nd period - Tyler Johnson wins face-off versus Jordan Staal in Jets zone.
17:54 of 2nd period - Off-side.
17:55 of 2nd period - Brooks Laich wins face-off versus Patrice Bergeron in neutral zone.
19:07 of 2nd period - Shot by Jean-Gabriel Pageau.
19:07 of 2nd period - Shot Blocked by Danny DeKeyser.
19:09 of 2nd period - Shot by Mikkel Boedker.
19:09 of 2nd period - Shot Blocked by Danny DeKeyser.
19:37 of 2nd period - Brooks Laich is hit by Ryan Jones and loses puck.
Goals for this period are 1 for Blue Jackets vs 0 for Jets.
Shots for this period are 5 for Blue Jackets vs 10 for Jets.
3rd period
0:01 of 3rd period - Jordan Staal wins face-off versus Tyler Johnson in neutral zone.
0:18 of 3rd period - Shot by Jordan Staal.
0:18 of 3rd period - Shot Misses the Net.
0:20 of 3rd period - Shot by Jordan Staal.
0:20 of 3rd period - Shot Blocked by Tyler Johnson.
0:22 of 3rd period - Shot by Justin Schultz.
0:22 of 3rd period - Stopped by Jhonas Enroth without a rebound.
0:23 of 3rd period - Patrice Bergeron wins face-off versus Brooks Laich in Blue Jackets zone.
0:55 of 3rd period - Barret Jackman is hit by Brooks Laich and loses puck.
1:11 of 3rd period - Minor Penalty to Willie Mitchell for Hooking.
1:12 of 3rd period - Jordan Staal wins face-off versus Dainius Zubrus in Blue Jackets zone.
1:27 of 3rd period - Shot by Marco Scandella.
1:27 of 3rd period - Stopped by Jhonas Enroth with a rebound.
1:29 of 3rd period - Shot by Ryan Murphy.
1:29 of 3rd period - Stopped by Jhonas Enroth without a rebound.
1:30 of 3rd period - Patrice Bergeron wins face-off versus Jordan Staal in Blue Jackets zone.
1:53 of 3rd period - Shot by Justin Schultz.
1:53 of 3rd period - Shot Blocked by Danny DeKeyser.
1:55 of 3rd period - Shot by Justin Schultz.
1:55 of 3rd period - Stopped by Jhonas Enroth without a rebound.
1:56 of 3rd period - Brooks Laich wins face-off versus Dainius Zubrus in Blue Jackets zone.
2:02 of 3rd period - Shot by Brooks Laich.
2:02 of 3rd period - Goal by Brooks Laich - Blue Jackets : 2 - Jets : 2.
2:03 of 3rd period - Tyler Johnson wins face-off versus Jason Zucker in neutral zone.
2:12 of 3rd period - Shot by Ray Whitney.
2:12 of 3rd period - Stopped by Ray Emery without a rebound.
2:13 of 3rd period - Jordan Staal wins face-off versus Patrice Bergeron in Jets zone.
2:18 of 3rd period - Patrice Bergeron is hit by Tuomo Ruutu and loses puck.
2:23 of 3rd period - Shot by Tuomo Ruutu.
2:23 of 3rd period - Shot Misses the Net.
2:45 of 3rd period - Shot by Jordan Staal.
2:45 of 3rd period - Stopped by Jhonas Enroth without a rebound.
2:46 of 3rd period - Tyler Johnson wins face-off versus Brooks Laich in Blue Jackets zone.
2:46 of 3rd period - Tyler Johnson is hit by Brooks Laich.
3:00 of 3rd period - Shot by Tyler Johnson.
3:00 of 3rd period - Shot Misses the Net.
3:46 of 3rd period - Shot by Anton Lander.
3:46 of 3rd period - Shot Blocked by Ryan Jones.
3:48 of 3rd period - Shot by Sami Vatanen.
3:48 of 3rd period - Stopped by Jhonas Enroth without a rebound.
3:49 of 3rd period - Jordan Staal wins face-off versus Patrice Bergeron in Blue Jackets zone.
3:51 of 3rd period - Mikkel Boedker is hit by Anton Stralman and loses puck.
4:03 of 3rd period - Icing by Anton Stralman.
4:04 of 3rd period - Patrice Bergeron wins face-off versus Anton Lander in Blue Jackets zone.
4:27 of 3rd period - Shot by Patrice Bergeron.
4:27 of 3rd period - Stopped by Ray Emery without a rebound.
4:28 of 3rd period - Dainius Zubrus wins face-off versus Tuomo Ruutu in Jets zone.
4:31 of 3rd period - Shot by Raffi Torres.
4:31 of 3rd period - Shot Blocked by Cody Ceci.
4:37 of 3rd period - Shot by Dainius Zubrus.
4:37 of 3rd period - Shot Misses the Net.
4:59 of 3rd period - Shot by Justin Schultz.
4:59 of 3rd period - Stopped by Jhonas Enroth without a rebound.
5:00 of 3rd period - Ryan Spooner wins face-off versus Brooks Laich in Blue Jackets zone.
5:07 of 3rd period - Shot by Ryan Jones.
5:07 of 3rd period - Stopped by Ray Emery without a rebound.
5:08 of 3rd period - Anton Lander wins face-off versus Patrice Bergeron in Jets zone.
5:22 of 3rd period - Shot by Patrice Bergeron.
5:22 of 3rd period - Stopped by Ray Emery without a rebound.
5:23 of 3rd period - Jordan Staal wins face-off versus Tyler Johnson in Jets zone.
5:23 of 3rd period - Jordan Staal is hit by Dainius Zubrus.
5:26 of 3rd period - Icing by Tuomo Ruutu.
5:27 of 3rd period - Jordan Staal wins face-off versus Tyler Johnson in Jets zone.
5:46 of 3rd period - Shot by Ray Whitney.
5:46 of 3rd period - Stopped by Ray Emery without a rebound.
5:47 of 3rd period - Patrice Bergeron wins face-off versus Brooks Laich in Jets zone.
6:15 of 3rd period - Shot by Patrice Bergeron.
6:15 of 3rd period - Stopped by Ray Emery without a rebound.
6:16 of 3rd period - Jordan Staal wins face-off versus Tyler Johnson in Jets zone.
7:16 of 3rd period - Icing by J.T. Brown.
7:17 of 3rd period - Brooks Laich wins face-off versus Ryan Jones in Blue Jackets zone.
7:21 of 3rd period - Sean Bergenheim is hit by Brad Stuart and loses puck.
7:34 of 3rd period - Shot by Viktor Stalberg.
7:34 of 3rd period - Shot Misses the Net.
7:49 of 3rd period - Icing by Henrik Tallinder.
7:50 of 3rd period - Anton Lander wins face-off versus Ryan Spooner in Blue Jackets zone.
8:17 of 3rd period - Jason Zucker is hit by Brad Stuart.
8:48 of 3rd period - Off-side.
8:49 of 3rd period - Brooks Laich wins face-off versus Patrice Bergeron in neutral zone.
8:49 of 3rd period - Viktor Stalberg is hit by R.J. Umberger and loses puck.
9:02 of 3rd period - Minor Penalty to Willie Mitchell for Hooking.
9:03 of 3rd period - Jordan Staal wins face-off versus Dainius Zubrus in Blue Jackets zone.
9:08 of 3rd period - Shot by Justin Schultz.
9:08 of 3rd period - Stopped by Jhonas Enroth with a rebound.
9:15 of 3rd period - Icing by Ryan Murphy.
9:16 of 3rd period - Ryan Murphy wins face-off versus Dainius Zubrus in Jets zone.
9:41 of 3rd period - Shot by Jordan Staal.
9:41 of 3rd period - Shot Blocked by Danny DeKeyser.
9:43 of 3rd period - Shot by Justin Schultz.
9:43 of 3rd period - Stopped by Jhonas Enroth without a rebound.
9:44 of 3rd period - Brooks Laich wins face-off versus Patrice Bergeron in Blue Jackets zone.
9:56 of 3rd period - Shot by Colton Sceviour.
9:56 of 3rd period - Stopped by Jhonas Enroth without a rebound.
9:57 of 3rd period - Patrice Bergeron wins face-off versus Brooks Laich in Blue Jackets zone.
9:57 of 3rd period - Patrice Bergeron is hit by Sean Bergenheim.
10:17 of 3rd period - Henrik Tallinder is hit by Brooks Laich and loses puck.
11:06 of 3rd period - Icing by Jordan Staal.
11:07 of 3rd period - Jordan Staal wins face-off versus Ryan Spooner in Jets zone.
12:04 of 3rd period - Shot by Ryan Murphy.
12:04 of 3rd period - Shot Blocked by Ryan Jones.
12:13 of 3rd period - Danny DeKeyser is hit by Jason Zucker and loses puck.
12:19 of 3rd period - Icing by Barret Jackman.
12:20 of 3rd period - Brooks Laich wins face-off versus Ryan Spooner in Blue Jackets zone.
12:23 of 3rd period - Shot by Viktor Stalberg.
12:23 of 3rd period - Stopped by Jhonas Enroth without a rebound.
12:24 of 3rd period - Jordan Staal wins face-off versus Dainius Zubrus in Blue Jackets zone.
12:33 of 3rd period - Shot by Tuomo Ruutu.
12:33 of 3rd period - Shot Blocked by Willie Mitchell.
13:18 of 3rd period - Minor Penalty to Brad Stuart for Roughing.
13:19 of 3rd period - Brooks Laich wins face-off versus Tyler Johnson in Blue Jackets zone.
13:19 of 3rd period - Brooks Laich is hit by Nick Schultz.
13:31 of 3rd period - Shot by Justin Schultz.
13:31 of 3rd period - Shot Misses the Net.
13:33 of 3rd period - Shot by Brooks Laich.
13:33 of 3rd period - Shot Misses the Net.
13:35 of 3rd period - Shot by Brooks Laich.
13:35 of 3rd period - Goal by Brooks Laich - Blue Jackets : 2 - Jets : 3.
13:36 of 3rd period - Anton Lander wins face-off versus Patrice Bergeron in neutral zone.
14:22 of 3rd period - Minor Penalty to Dainius Zubrus for Tripping.
14:23 of 3rd period - Ryan Jones wins face-off versus Jordan Staal in Blue Jackets zone.
14:57 of 3rd period - Shot by Justin Schultz.
14:57 of 3rd period - Shot Misses the Net.
15:15 of 3rd period - Shot by Brooks Laich.
15:15 of 3rd period - Shot Misses the Net.
15:17 of 3rd period - Shot by Ryan Ellis.
15:17 of 3rd period - Shot Misses the Net.
15:19 of 3rd period - Shot by Brooks Laich.
15:19 of 3rd period - Shot Misses the Net.
15:21 of 3rd period - Shot by Brooks Laich.
15:21 of 3rd period - Stopped by Jhonas Enroth without a rebound.
15:22 of 3rd period - Brooks Laich wins face-off versus Patrice Bergeron in Blue Jackets zone.
15:25 of 3rd period - Shot by Sean Bergenheim.
15:25 of 3rd period - Shot Misses the Net.
15:32 of 3rd period - Icing by Marco Scandella.
15:33 of 3rd period - Patrice Bergeron wins face-off versus Brooks Laich in Jets zone.
16:10 of 3rd period - Shot by Ryan Ellis.
16:10 of 3rd period - Shot Misses the Net.
16:12 of 3rd period - Shot by Jordan Staal.
16:12 of 3rd period - Stopped by Jhonas Enroth without a rebound.
16:13 of 3rd period - Jordan Staal wins face-off versus Patrice Bergeron in Blue Jackets zone.
17:01 of 3rd period - Off-side.
17:02 of 3rd period - Jordan Staal wins face-off versus Patrice Bergeron in neutral zone.
17:24 of 3rd period - Shot by Patrice Bergeron.
17:24 of 3rd period - Stopped by Ray Emery without a rebound.
17:25 of 3rd period - Brooks Laich wins face-off versus Ryan Spooner in Jets zone.
17:42 of 3rd period - Shot by Sean Bergenheim.
17:42 of 3rd period - Stopped by Jhonas Enroth with a rebound.
18:32 of 3rd period - Minor Penalty to Cody Ceci for Roughing.
18:33 of 3rd period - Patrice Bergeron wins face-off versus Jordan Staal in Jets zone.
18:34 of 3rd period - Blue Jackets, Jhonas Enroth is pulled from the net.
18:36 of 3rd period - Shot by R.J. Umberger.
18:36 of 3rd period - Shot Misses the Net.
18:54 of 3rd period - Shot by Patrice Bergeron.
18:54 of 3rd period - Shot Misses the Net.
18:56 of 3rd period - Shot by Patrice Bergeron.
18:56 of 3rd period - Stopped by Ray Emery without a rebound.
18:57 of 3rd period - Tyler Johnson wins face-off versus Jordan Staal in Jets zone.
Goals for this period are 0 for Blue Jackets vs 2 for Jets.
Shots for this period are 8 for Blue Jackets vs 16 for Jets.
Output by the SimonT Hockey Simulator (STHS) for Mathias Vaigur -- Original Page W3C XHTML 1.0 Valid